 Dungeon Crawl Stone Soup version 0.28.0-53-g5a82cb258f (webtiles) character file.

Game seed: 7833184025040175313

1852 Deemzul the Skirmisher (level 8, -1/69 HPs)
             Began as a Palentonga Fighter on July 24, 2022.
             Was a Follower of Cheibriados.
             Slain by an orc warrior
             ... wielding a +0 trident
              (5 damage)
             ... on level 6 of the Dungeon.
             The game lasted 00:10:25 (7094 turns).

Deemzul the Skirmisher (Palentonga Fighter)         Turns: 7094, Time: 00:10:26

Health: -1/69      AC: 21    Str: 31    XL:     8   Next: 88%
Magic:  8/8        EV:  5    Int: 11    God:    Cheibriados [*.....]
Gold:   1231       SH:  5    Dex: 16    Spells: 7/7 levels left

rFire   + . .      SeeInvis +   a - +0 war axe
rCold   x . .      Faith    .   c - +0 buckler
rNeg    . . .      Spirit   .   b - +0 scale mail
rPois   +          Reflect  .   u - +0 helmet
rElec   .          Harm     .   (no cloak)
rCorr   .          Rampage  .   r - +0 pair of gloves
Will    .....                   d - +0 barding of the Blessed Realm {*Corrode Str+4}
Stlth   ..........              (no amulet)
HPRegen 0.21/turn               w - ring of Cowardice {Fire Str+4 Dex+4}
MPRegen 0.11/turn               p - +4 ring of slaying

@: curled up, very slow
A: large, rugged brown scales 3, see invisible, deformed body, roll 1, armoured
tail, reflexive curl, poison resistance
a: Rolling Charge, Renounce Religion, Bend Time


You were on level 6 of the Dungeon.
You worshipped Cheibriados.
Cheibriados was aware of your devotion.
You visited 2 branches of the dungeon, and saw 9 of its levels.
You also visited: Sewer.

You collected 2323 gold pieces.
You spent 1092 gold pieces at shops.

Inventory:

Hand Weapons
 a - a +0 war axe (weapon)
Armour
 b - a +0 scale mail (worn)
 c - a +0 buckler (worn)
 d - the +0 barding of the Blessed Realm (worn) {*Corrode Str+4}
   (You acquired it on level 4 of the Dungeon)

   Str:       It affects your strength (+4).
   *Corrode:  It may corrode you when you take damage.
 r - a +0 pair of gloves (worn)
 u - a +0 helmet (worn)
Jewellery
 p - a +4 ring of slaying (right hand)
 q - a ring of protection from cold
 s - a ring of willpower
 w - the ring of Cowardice (left hand) {Fire Str+4 Dex+4}
   (You found it on level 6 of the Dungeon)

   [ring of fire]

   It enhances your fire magic.
   Str:       It affects your strength (+4).
   Dex:       It affects your dexterity (+4).
   rF:        It protects you from fire.
   rC:        It makes you vulnerable to cold.
Scrolls
 f - 2 scrolls of magic mapping
 g - 4 scrolls of immolation {unknown}
 i - a scroll of enchant armour {unknown}
 j - a scroll of vulnerability {unknown}
 k - a scroll of fog
 l - 2 scrolls of amnesia {unknown}
 m - 3 scrolls of blinking {unknown}
 n - 2 scrolls of noise {unknown}
 o - 2 scrolls of identify {unknown}
Potions
 e - a potion of flight
 h - a potion of might
 t - a potion of mutation


   Skills:
 + Level 6.5 Fighting
 + Level 6.1 Axes
 + Level 5.4 Armour
 + Level 5.3 Shields


You had 7 spell levels left.
You didn't know any spells.
Your spell library contained the following spells:

 Spells                   Type           Power      Damage    Failure   Level
 Slow                     Hex            0%         N/A       63%         1
 Static Discharge         Conj/Air       0%         N/A       77%         2
 Confusing Touch          Hex            0%         N/A       94%         3
 Vampiric Draining        Necr           0%         2d6       94%         3
 Lightning Bolt           Conj/Air       0%         1d11      100%        5
 Maxwell's Capacitive Co  Air            0%         ∞         100%        8


Dungeon Overview and Level Annotations

Branches:
Dungeon (8/15)             Temple (1/1) D:5           Sewer (visited)
   Lair: D:8-11

Altars:
Ashenzari
Cheibriados
Dithmenos
Elyvilon
Gozag
Hepliaklqana
Kikubaaqudgha
Makhleb
Qazlal
Ru
Sif Muna
Uskayaw
Vehumet
Wu Jian
Xom
Yredelemnul
The Shining One

Shops:
D:4 *=

Annotations:
D:3 3 runed translucent doors, duchin's ghost, amateur DECj; gnacko's ghost, amateur DrAE


Innate Abilities, Weirdness & Mutations

You are completely covered in rugged brown scales. (AC +3, +7% HP)
You have supernaturally acute eyesight. (SInv)
Armour fits poorly on your strangely shaped body.
You can roll at nearby foes to attack.
You have a long armoured tail.
You curl defensively after being hit. (AC +7*)
Your system is resistant to poisons. (rPois)


Message History

The centaur barely misses you. The centaur completely misses you.
You block the orc warrior's attack.
The centaur hits you but does no damage.
The centaur kicks you.
You closely miss the orc warrior.
The orc warrior is severely wounded.
You slash the centaur! You block the orc warrior's attack.
The centaur hits you but does no damage.
The centaur kicks you but does no damage.
The orc warrior hits you with a +0 trident.
* * * LOW HITPOINT WARNING * * *
The centaur barely misses you. The centaur kicks you.
* * * LOW HITPOINT WARNING * * *
You slash the centaur!
You kill the centaur!
Cheibriados appreciates the change of pace.
You hit the orc warrior but do no damage.
You block the orc warrior's attack. x2
Unknown command.
You closely miss the orc warrior.
The orc warrior is severely wounded.
The orc warrior hits you with a +0 trident!
* * * LOW HITPOINT WARNING * * *
Unknown command.
It was a potion of cancellation.
You feel magically purged.
The orc warrior hits you with a +0 trident.
* * * LOW HITPOINT WARNING * * *
You block the orc warrior's attack.
Okay, then.
Okay, then.
Okay, then.
Unknown command.
You hit the orc warrior.
The orc warrior is almost dead.
The orc warrior hits you but does no damage.
The orc warrior barely misses you.
You completely miss the orc warrior.
The orc warrior is almost dead.
The orc warrior hits you with a +0 trident.
You die...

....# .#### .# ##
## # ###. .# #
#.#.# #.# # #.#..#
##..# ######.##..#
##)o# .......#
#..###.@# .......#
#..#.†#.# .......#
#...#.#.# ########
###.###### # #.#.#
# ####...##
########.......#
....†.)............
#############.#####


You could see an orc warrior (fast).

Vanquished Creatures
  2 steam dragons
  An ice beast (D:4)
  2 necrophages
  An ogre (D:6)
  A centaur (D:6)
  A phantom (D:6)
  3 bullfrogs
  3 scorpions
  A howler monkey (D:6)
  A bullfrog zombie (D:5)
  2 centaur zombies (D:6)
  2 hounds
  A bullfrog skeleton (D:6)
  A jelly (D:5)
  A gnoll shaman (D:6)
  A centaur skeleton (D:6)
  An orc wizard (D:3)
  An iguana (D:2)
  9 gnolls
  11 adders
  5 river rats (Sewer)
  A shadow imp (D:6)
  An ufetubus (D:6)
  An adder skeleton (D:4)
  4 worms
  A dart slug (D:2)
  9 orcs
  10 endoplasms
  2 giant cockroaches
  10 goblins
  8 hobgoblins
  3 quokkas
  17 ball pythons
  7 bats
  7 frilled lizards
  6 kobolds
  29 rats
167 creatures vanquished.

Vanquished Creatures (others)
  9 plants
  10 withered plants (D:1)
19 creatures vanquished.

Grand Total: 186 creatures vanquished

Notes
Turn   | Place    | Note
-------+----------+-------------------------------------------
     0 | D:1      | Deemzul the Palentonga Fighter began the quest for the Orb.
     0 | D:1      | Reached XP level 1. HP: 19/19 MP: 1/1
   542 | D:1      | Reached XP level 2. HP: 18/25 MP: 2/2
   871 | D:1      | Reached XP level 3. HP: 27/31 MP: 3/3
   977 | D:1      | Found a faded altar of an unknown god.
  1584 | D:2      | Reached XP level 4. HP: 30/37 MP: 4/4
  1764 | D:2      | Found a burning altar of Makhleb.
  2858 | D:3      | Found a runed translucent gate.
  2858 | D:3      | Found a runed translucent gate.
  2858 | D:3      | Found a runed translucent gate.
  2859 | D:3      | Noticed duchin's ghost (amateur DECj)
  2860 | D:3      | Noticed gnacko's ghost (amateur DrAE)
  3003 | D:3      | Reached XP level 5. HP: 44/44 MP: 5/5
  3145 | D:4      | Found Fusukois's Jewellery Shop.
  3148 | D:4      | Found Aclistre's Fire Supplies.
  3406 | D:4      | Identified 3 scrolls of acquirement
  3406 | D:4      | Acquired 1305 gold pieces
  3407 | D:4      | Acquired 736 gold pieces
  3408 | D:4      | Acquired the +0 barding of the Blessed Realm {*Corrode
                  | Str+4}
  3520 | D:4      | Noticed an ice beast
  3523 | D:4      | Found a glowing drain.
  3529 | Sewer    | Entered a sewer
  3816 | Sewer    | Reached XP level 6. HP: 46/51 MP: 6/6
  4314 | Sewer    | Gained mutation: Your system is resistant to poisons.
                  | (rPois) [potion of mutation]
  4328 | D:4      | Killed an ice beast
  4329 | D:4      | Gained mutation: You curl defensively after being hit. (AC
                  | +7*) [Palentonga growth]
  4329 | D:4      | Reached XP level 7. HP: 45/58 MP: 7/7
  4539 | D:4      | Bought a +4 ring of slaying for 1092 gold pieces
  4982 | D:5      | Entered Level 5 of the Dungeon
  5148 | D:5      | Reached skill level 5 in Fighting
  5148 | D:5      | You fall into a shaft and drop 3 floors!
  5631 | D:5      | Found a staircase to the Ecumenical Temple.
  5664 | Temple   | Entered the Ecumenical Temple
  5712 | Temple   | Became a worshipper of Cheibriados the Contemplative
  5842 | D:5      | Noticed a steam dragon
  5848 | D:5      | Killed a steam dragon
  5849 | D:5      | Reached skill level 5 in Axes
  5849 | D:5      | Reached XP level 8. HP: 56/67 MP: 8/8
  6460 | D:6      | Reached skill level 5 in Armour
  6472 | D:6      | Reached skill level 5 in Shields
  6768 | D:6      | Reached * piety under Cheibriados
  6935 | D:6      | Identified the ring of Cowardice {Fire Str+4 Dex+4}
  6984 | D:6      | Identified the +9 hunting sling of the People {vorpal,
                  | Str+4 Dex-2 Stlth+}
  7092 | D:6      | HP: 3/69 [orc warrior/+0 trident (3)]
  7094 | D:6      | Slain by an orc warrior

Illustrated notes

Levels and vault maps discovered:
D:1:      saegor_arrival_simple_d, layout_basic,
          shapermc_ecumenical_altar_flowoftime
D:2:      layout_basic, basic_altar
D:3:      layout_rooms, serial_shops, nicolae_lakefront_shop,
          gammafunk_ghost_cemetery
D:4:      layout_rooms, cheibrodos_sewer_entry_bend, mrwooster_statue_mirror,
          minmay_shop_enchanted_jewellery, minmay_crystal_water,
          chequers_big_river, nicolae_shop_fire_sale [nicolae_sub_dead_trees],
          hangedman_glass_teeth, serial_bayou_lagoon_a
D:5:      layout_basic, minmay_temple_entry_large_hall
D:6:      minmay_diamond_boxcup, layout_loops_cross, roderic_lattice_a
D:7:      layout_loops_corners
D:8:      layout_loops_ring, minmay_holes, minmay_nine_imps, uniq_erica,
          uniq_grum, uniq_psyche
Temple:   regret_index_temple_sigil_plot

Skill      XL: |  1  2  3  4  5  6  7  8 |
---------------+-------------------------+-----
Armour         | 3 4 5 |  5.4
Axes           | 3 4 5 6 |  6.1
Shields        | 3 4 5 |  5.3
Fighting       | 4 5 6 |  6.5

Action                   |  1- 3 |  4- 6 |  7- 9 || total
-------------------------+-------+-------+-------++-------
Melee: War axe           |   110 |   190 |   129 ||   429
       Tailslap          |    19 |    13 |    20 ||    52
  Use: Scroll            |       |     6 |       ||     6
       Potion            |       |     8 |     1 ||     9
 Stab: Invisible         |       |     1 |       ||     1
Armor: Scale mail        |    51 |   136 |   134 ||   321
Dodge: Dodged            |    29 |    85 |    29 ||   143
Block: Buckler           |    17 |    39 |    36 ||    92
